 Dungeon Crawl Stone Soup version 0.31-a0-331-geda263fcf1 (webtiles) character file.

Game seed: 8257749588620969403

254 hellse the Ruffian (level 5, 0/79 HPs)
             Began as a Troll Shapeshifter on July 19, 2023.
             Slain by a bullfrog (4 damage)
             ... in a sewer.
             The game lasted 00:02:03 (1293 turns).

hellse the Ruffian (Troll Shapeshifter)             Turns: 1293, Time: 00:02:04

Health: 0/79       AC: 22    Str: 22 (23) XL:     5   Next: 91%
Magic:  4/4        EV:  1    Int:  2 (4)  God:
Gold:   100        SH:  0    Dex: 10 (12) Spells: 4/4 levels left

rFire   . .          .
                       - Unarmed
rCold   . . .        (no shield)
rNeg    . . .        a - melded +0 animal skin
rPois   +            (helmet currently unavailable)
rElec   .            (cloak currently unavailable)
rCorr   .            (gloves unavailable)
SInv    .            (boots unavailable)
Will    .....        (no amulet)
Stlth   +            (no ring)
HPRegen 1.13/turn    (no ring)
MPRegen 0.09/turn

%: no passive effects
@: lethally poisoned (0 -> -1), tree-form
A: stationary, stasis, torment immunity, boosted hp, large, unfitting armour,
(claws 3), regeneration 1, (shaggy fur 1), (tough skin 1)
a: no special abilities


You were in a sewer.
You were a tree.
You visited 1 branch of the dungeon, and saw 4 of its levels.
You also visited: Sewer.

You collected 100 gold pieces.

Inventory:

Armour
 a - a +0 animal skin (melded)
Talismans
 c - a beast talisman
Scrolls
 g - a scroll of enchant weapon
 j - 2 scrolls of fog
 k - a scroll of blinking {unknown}
 l - a scroll of identify
Potions
 d - a potion of attraction {unknown}
 e - 2 potions of degeneration
 f - a potion of ambrosia {unknown}
 h - a potion of curing {unknown}
 i - 2 potions of mutation {unknown}
 m - a potion of invisibility {unknown}
 n - a potion of haste {unknown}


   Skills:
 - Level 3.1 Fighting
 - Level 1.5 Dodging
 + Level 5.3 Unarmed Combat
 - Level 3.0 Shapeshifting


You had 4 spell levels left.
You didn't know any spells.
Your spell library contained the following spells:

 Spells                   Type           Power      Damage    Failure   Level
 Volatile Blastmotes      Fire/Tloc      0%         2d10      89%         3
 Fulminant Prism          Conj/Hex       0%         3d5       100%        4
 Iskenderun's Mystic Bla  Conj/Tloc      0%         2d3       100%        4


Dungeon Overview and Level Annotations

Branches:
Dungeon (4/15)              Sewer (1/1)
 Temple: D:4-7

Altars:


Innate Abilities, Weirdness & Mutations

You are a tree.
Your roots penetrate the ground, keeping you stationary.
You cannot be teleported.
You are immune to unholy pain and torment.
Your maximum health is greatly increased.
Your equipment is partially melded.
You are too large for most types of armour.
((You have claws for hands.))
Your natural rate of healing is unusually fast.
((You are covered in fur. (AC +1)))
((You have tough skin. (AC +1)))


Message History

The adder is severely wounded.
You feel sick.
The bullfrog releases a deep croak.
The frilled lizard bites you but does no damage.
The ball python bites you but does no damage.
The adder bites you.
* * * LOW HITPOINT WARNING * * *
The ball python misses you.
Unknown command.
Unknown command.
You barely miss the adder.
The adder is severely wounded.
You feel sick. The ball python bites you.
* * * LOW HITPOINT WARNING * * *
The adder bites you.
* * * LOW HITPOINT WARNING * * *
The frilled lizard bites you.
* * * LOW HITPOINT WARNING * * *
The bullfrog releases a deep croak.
The ball python barely misses you.
Unknown command.
Unknown command.
Really quaff the potion of lignification?
Your transformation has ended.
You turn into a tree.
Your +0 animal skin melds into your body.
Your roots penetrate the ground.
You feel sick. The adder bites you but does no damage.
The ball python bites you but does no damage.
The frilled lizard bites you but does no damage.
The adder bites you but does no damage.
The ball python bites you but does no damage.
Unknown command.
Unknown command.
Unknown command.
It was a potion of degeneration.
There was something very wrong with that liquid.
You feel weakened.
You feel dopey.
You feel clumsy.
You feel sick. The bullfrog hits you.
You die...

#..'....# #..#....#
####...##
+####################†...#
....≈~≈≈≈≈≈≈≈≈≈≈≈≈≈......#
...~≈~≈≈≈≈≈≈≈≈≈~~~≈~....##
....≈~~~≈≈≈≈~≈~~~~~~....#
....~~≈~~#l≈≈~~~≈≈~.....#
....~≈≈~SF♣.~≈≈≈≈≈~....##
...#≈~≈≈~SS~≈~≈≈≈≈~#.### #
###################


You could see a bullfrog, an adder, 2 ball pythons and a frilled lizard.

Vanquished Creatures
  A bullfrog (Sewer)
  6 adders
  8 river rats (Sewer)
  A worm (D:2)
  2 orcs
  4 endoplasms
  A giant cockroach (D:3)
  2 goblins (D:1)
  4 hobgoblins
  2 quokkas
  6 ball pythons
  2 frilled lizards
  8 kobolds
  31 rats
78 creatures vanquished.

Notes
Turn   | Place    | Note
-------+----------+-------------------------------------------
     0 | D:1      | hellse the Troll Shapeshifter began the quest for the Orb.
     0 | D:1      | Reached XP level 1. HP: 19/19 MP: 0/0
   301 | D:1      | Reached XP level 2. HP: 27/27 MP: 1/1
   525 | D:1      | Reached skill level 3 in Unarmed Combat
   826 | D:3      | Reached XP level 3. HP: 33/33 MP: 2/2
   978 | D:4      | Found a glowing drain.
   992 | Sewer    | Entered a sewer
  1022 | Sewer    | Reached skill level 4 in Unarmed Combat
  1075 | Sewer    | Reached XP level 4. HP: 42/42 MP: 3/3
  1177 | Sewer    | Reached XP level 5. HP: 28/53 MP: 4/4
  1278 | Sewer    | Reached skill level 5 in Unarmed Combat
  1291 | Sewer    | HP: 2/53 [frilled lizard (2)]
  1293 | Sewer    | Slain by a bullfrog

Illustrated notes

Levels and vault maps discovered:
D:1:      nicolae_arrival_somewhat_less_tricky_arrival, layout_basic,
          roderic_malta_cross, minmay_misc_feat_x
D:2:      layout_loops_ring
D:3:      layout_basic, amcnicky_mini_pool_small, uniq_crazy_yiuf_cottage
D:4:      layout_gridville, mainiacjoe_overflow_six_doors_small,
          portal_sewer_entry_d, serial_bayou, serial_bayou_pond_e,
          serial_bayou_pond_d, serial_bayou_lake_a, serial_bayou_lagoon_a,
          serial_bayou_crossing, uniq_ijyb
Sewer:    sewer_minmay_w

Skill      XL: |  1  2  3  4  5 |
---------------+----------------+-----
Unarmed Combat | 3 4 5 |  5.3
Fighting       | 3 |  3.1
Dodging        | |  1.5
Shapeshifting  | |  3.0

Action                     |  1- 3 |  4- 6 || total
---------------------------+-------+-------++-------
  Melee: Unarmed           |    85 |    86 ||   171
         Punch             |     1 |     2 ||     3
    Use: Scroll            |     2 |       ||     2
         Potion            |       |     2 ||     2
   Stab: Sleeping          |     2 |       ||     2
 Armour: Animal skin       |    32 |    64 ||    96
         Skin              |       |     5 ||     5
  Dodge: Dodged            |    38 |    88 ||   126

Table legend: (Time is in decaauts)
 A = Elapsed time spent in this place.
 B = Non-inter-level travel time spent in this place.
 C = Inter-level travel time spent in this place.
 D = Time resting spent in this place.
 E = Time spent auto-exploring this place.
 F = Levels seen in this place.
 G = Mean time per level.
                   A        B        C        D        E       F      G
               +--------+--------+--------+--------+--------+-----+--------+
         Total |   1279 |   1263 |     16 |      0 |    896 |   5 |  255.8 |
       Dungeon |    988 |    972 |     16 |      0 |    768 |   4 |  247.0 |
         Sewer |    291 |    291 |      0 |      0 |    128 |   1 |  291.0 |
               +--------+--------+--------+--------+--------+-----+--------+

Top non-repeatable levels by time:
     D:1: 654 daAuts
   Sewer: 291 daAuts
     D:3: 143 daAuts
     D:2: 137 daAuts
     D:4: 53 daAuts
